 Dungeon Crawl Stone Soup version 0.27.1 (webtiles) character file.

Game seed: 16212813383778473092

77 speeev33 the Skirmisher (level 4, -7/41 HPs)
             Began as a Hill Orc Fighter on Aug 28, 2021.
             Mangled by a gnoll (10 damage)
             ... on level 2 of the Dungeon.
             The game lasted 00:01:27 (1100 turns).

speeev33 the Skirmisher (Hill Orc Fighter)          Turns: 1100, Time: 00:01:27

Health: -7/41      AC:  8    Str: 19    XL:     4   Next: 34%
Magic:  4/4        EV:  7    Int:  8    God:
Gold:   80         SH:  9    Dex: 10    Spells: 3/3 levels left

rFire    . . .     SeeInvis .   a - +0 war axe
rCold    . . .     Faith    .   c - +0 kite shield
rNeg     . . .     Spirit   .   b - +0 scale mail
rPois    .         Reflect  .   (no helmet)
rElec    .         Harm     .   g - +0 cloak
rCorr    .         Rampage  .   (no gloves)
Will     .....                  (no boots)
Stlth    ..........             (no amulet)
HPRegen  0.13/turn              (no ring)
MPRegen  0.09/turn              (no ring)

@: no status effects
A: no striking features
a: no special abilities


You were on level 2 of the Dungeon.
You visited 1 branch of the dungeon, and saw 2 of its levels.

You collected 80 gold pieces.

Inventory:

Hand Weapons
 a - a +0 war axe (weapon)
Armour
 b - a +0 scale mail (worn)
 c - a +0 kite shield (worn)
 g - a +0 cloak (worn)
Scrolls
 e - 2 scrolls of fog {unknown}
 h - 2 scrolls of noise {unknown}
 i - a scroll of immolation {unknown}
Potions
 d - a potion of might
 f - a potion of attraction {unknown}


   Skills:
 + Level 4.5 Fighting
 + Level 4.0 Axes
 - Level 3.2 Armour
 + Level 4.2 Shields


You had 3 spell levels left.
You didn't know any spells.
Your spell library was empty.

Dungeon Overview and Level Annotations

Branches:
Dungeon (2/15)

Altars:

Shops:
D:1 (


Message History

The gnoll shouts! x2
You block the hobgoblin's attack.
You hit the hobgoblin.
The hobgoblin is moderately wounded.
The hobgoblin hits you but does no damage.
A rat comes into view.
You block the hobgoblin's attack. The gnoll hits you with a +0 club.
You slash the hobgoblin!
You kill the hobgoblin!
You hit the gnoll but do no damage. The gnoll hits you with a +0 club.
You have reached level 4!
Things that are here:
a +0 dagger; 3 stones; a kobold corpse You closely miss the rat.
You block the rat's attack. x2
You hit the rat.
You kill the rat!
You closely miss the gnoll. The gnoll hits you with a +0 club. x2
You slash the gnoll!
You kill the gnoll!
You slash the gnoll!
The gnoll is almost dead.
The gnoll barely misses you.
The gnoll hits you from afar with a +0 halberd!
You block the gnoll's attack.
You closely miss the gnoll.
The gnoll is almost dead.
You block the gnoll's attack. The gnoll completely misses you.
You block the gnoll's attack.
You slash the gnoll!
You kill the gnoll!
The gnoll hits you from afar with a +0 halberd.
Your Axes skill increases to level 4!
The gnoll closely misses you.
Items here: ( ))) ††††.
You closely miss the gnoll. The gnoll hits you with a +0 halberd.
* * * LOW HITPOINT WARNING * * *
The gnoll hits you with a +0 halberd.
* * * LOW HITPOINT WARNING * * *
You closely miss the gnoll. The gnoll hits you with a +0 halberd!
You die...

.. ..# . #. #.# # ..
##.##.# .# ...# .....#
#.##. .....
#.#.###.....
......#####...........
.......g†....†.†#
##.##.#####..##g# #
#..##@# #..##.#
...##)# ###.##.#
#.##<# #.##># #.# #.#
#.#


You could see a gnoll.

Vanquished Creatures
  3 gnolls (D:2)
  An adder (D:2)
  A dart slug (D:1)
  5 bats
  2 endoplasms
  4 goblins (D:1)
  5 hobgoblins
  3 quokkas (D:1)
  3 ball pythons (D:1)
  2 frilled lizards (D:1)
  4 kobolds
  5 rats
38 creatures vanquished.

Notes
Turn   | Place    | Note
-------+----------+-------------------------------------------
     0 | D:1      | speeev33 the Hill Orc Fighter began the quest for the Orb.
     0 | D:1      | Reached XP level 1. HP: 19/19 MP: 1/1
    43 | D:1      | Reached XP level 2. HP: 17/27 MP: 2/2
   484 | D:1      | Reached XP level 3. HP: 30/33 MP: 3/3
   664 | D:1      | Found Fupyor's Weapon Shop.
  1089 | D:2      | Reached XP level 4. HP: 30/41 MP: 4/4
  1100 | D:2      | Mangled by a gnoll

Illustrated notes

Levels and vault maps discovered:
D:1:      dpeg_arrival_solitude, layout_loops_cross, serial_shops,
          nicolae_shop_waterfront, minmay_pentomino_o4
D:2:      layout_loops_ring, serial_undead, serial_undead_e, serial_undead_f,
          serial_undead_d, serial_undead_c,
          chequers_ecumenical_altar_simple_redux, uniq_natasha

Skill      XL: |  1  2  3  4 |
---------------+-------------+-----
Axes           | 3 4 |  4.0
Fighting       | 4 |  4.5
Shields        | 4 |  4.2
Armour         | |  3.2

Action                   |  1- 3 |  4- 6 || total
-------------------------+-------+-------++-------
Melee: War axe           |    82 |     9 ||    91
Armor: Scale mail        |    33 |       ||    33
Dodge: Dodged            |    32 |     3 ||    35
Block: Kite shield       |    62 |     5 ||    67
